 Dungeon Crawl Stone Soup version 0.32-a0-612-g1c984fe9d1 (webtiles) character file.

Game seed: 17173667686667079186

71820 CougarLife the Earth Mage (level 15, -4/85 HPs)
             Began as a Gargoyle Earth Elementalist on Mar 4, 2024.
             Was a High Priest of Vehumet.
             Shot with a bolt by a yaktaur (11 damage)
             ... on level 12 of the Dungeon.
             The game lasted 00:42:00 (25183 turns).

CougarLife the Earth Mage (GrEE)                   Turns: 25183, Time: 00:42:01

Health: -4/85      AC: 21    Str: 12    XL:     15   Next: 37%
Magic:  3/40       EV: 10    Int: 29    God:    Vehumet [*****.]
Gold:   1933       SH: 10    Dex: 10    Spells: 24/39 levels left

rFire   . . .        v - staff of earth
rCold   . . .        P - +0 kite shield
rNeg    + + .        C - +2 robe {rN+}
rPois   ∞            a - +2 hat {Stlth+}
rElec   +            p - +0 cloak
rCorr   .            K - +0 pair of gloves
SInv    .            n - +0 pair of boots
Will    +....        k - amulet of regeneration
Stlth   +++          d - ring of magical power
HPRegen 1.14/turn    o - +6 ring of intelligence
MPRegen 0.27/turn

%: no passive effects
@: flying
A: sickness immunity, AC +11, big wings, negative energy resistance 1,
electricity resistance, torment resistance 1, petrification resistance
a: Renounce Religion


You were on level 12 of the Dungeon.
You worshipped Vehumet.
Vehumet was extremely pleased with you.
You visited 4 branches of the dungeon, and saw 21 of its levels.
You also visited: Ice Cave.

You collected 2094 gold pieces.
You spent 161 gold pieces at shops.

Inventory:

Missiles
 x - a throwing net
Armour
 a - a +2 hat of stealth (worn)
 n - a +0 pair of boots (worn)
 p - a +0 cloak (worn)
 C - a +2 robe of positive energy (worn)
 K - a +0 pair of gloves (worn)
 P - a +0 kite shield (worn)
Magical Staves
 v - a staff of earth (weapon)
Jewellery
 d - a ring of magical power (left hand)
 f - a ring of protection from fire
 k - an amulet of regeneration (around neck)
 o - a +6 ring of intelligence (right hand)
 G - a ring of positive energy
 N - a ring of ice
 Q - a ring of protection from cold
Wands
 B - a wand of charming (17)
 M - a wand of polymorph (9)
Scrolls
 b - 2 scrolls of vulnerability
 c - a scroll of fear
 h - a scroll of poison
 i - 6 scrolls of enchant armour
 q - a scroll of fog
 r - 2 scrolls of amnesia
 s - a scroll of silence
 u - 3 scrolls of immolation
 A - a scroll of blinking
 D - a scroll of torment
 F - a scroll of noise
 H - 7 scrolls of teleportation
 J - 3 scrolls of revelation
Potions
 e - 4 potions of attraction
 g - 3 potions of curing
 j - 2 potions of haste
 l - 4 potions of ambrosia
 m - 2 potions of enlightenment
 t - 2 potions of might {unknown}
 w - a potion of berserk rage {unknown}
 z - 2 potions of lignification {unknown}
 E - 2 potions of heal wounds {unknown}
 I - a potion of brilliance {unknown}
 R - a potion of resistance


   Skills:
 + Level 6.7 Fighting
 + Level 6.7 Armour
 - Level 1.5 Dodging
 - Level 2.1 Stealth
 - Level 9.5 Shields
 + Level 12.7 Spellcasting
 + Level 14.6 Conjurations
 - Level 6.6 Fire Magic
 + Level 16.2 Earth Magic


You had 24 spell levels left.
You knew the following spells:

 Your Spells              Type           Power      Damage    Failure   Level
a - Sandblast             Erth           100%       2d20      0%          1
b - Stone Arrow           Conj/Erth      100%       3d13      1%          3
c - Starburst             Conj/Fire      34%        6d10      4%          6
d - Arcjolt               Conj/Air       28%        1d38      2%          5

Your spell library contained the following spells:

 Spells                   Type           Power      Damage    Failure   Level
 Freezing Cloud           Conj/Ice/Air   23%        6-21      8%          5
 Magic Dart               Conj           100%       1d8       0%          1
 Sting                    Conj/Alch      100%       1d9       1%          1
 Searing Ray              Conj           100%       2d8       1%          2
 Dazzling Flash           Conj/Hex       100%       N/A       1%          3
 Hailstorm                Conj/Ice       57%        3d11      1%          3
 Passwall                 Erth           100%       N/A       1%          3
 Volatile Blastmotes      Fire/Tloc      74%        2d16      1%          3
 Brom's Barrelling Bould  Conj/Erth      100%       2d11      1%          4
 Fulminant Prism          Conj/Alch      28%        3d14      1%          4
 Freeze                   Ice            72%        1d8       2%          1
 Petrify                  Alch/Erth      78%        N/A       2%          4
 Frozen Ramparts          Ice            36%        1d6       6%          3
 Apportation              Tloc           36%        N/A       8%          1
 Necrotise                Necr           72%        1d7       8%          1
 Summon Small Mammal      Summ           72%        N/A       8%          1
 Blink                    Tloc           36%        N/A       11%         2
 Call Imp                 Summ           36%        N/A       11%         2
 Jinxbite                 Hex            36%        N/A       11%         2
 Lesser Beckoning         Tloc           36%        N/A       11%         2
 Summon Blazeheart Golem  Fire/Summ      37%        N/A       19%         4
 Call Canine Familiar     Summ           18%        N/A       22%         3
 Gell's Gravitas          Tloc           18%        N/A       22%         3
 Sigil of Binding         Hex            18%        N/A       22%         3
 Teleport Other           Tloc           18%        N/A       22%         3
 Plasma Beam              Fire/Air       18%        2x1d30    56%         6
 Dimensional Bullseye     Hex/Tloc       9%         N/A       58%         4
 Vhi's Electric Charge    Tloc/Air       36%        N/A       58%         4
 Alistair's Intoxication  Alch           12%        N/A       90%         5
 Maxwell's Capacitive Co  Air            9%         ∞         100%        8


Dungeon Overview and Level Annotations

Branches:
Dungeon (13/15)            Temple (1/1) D:4            Lair (5/5) D:8
  Swamp (0/4) Lair:3        Snake (0/4) Lair:2        Slime (0/5) Lair:4
    Orc (2/2) D:10            Elf (0/3) Orc:2         IceCv (visited)
 Vaults: D:13-14

Altars:
Ashenzari
Cheibriados
Dithmenos
Elyvilon
Fedhas
Gozag
Hepliaklqana
Kikubaaqudgha
Makhleb
Nemelex Xobeh
Okawaru
Qazlal
Ru
Sif Muna
Trog
Uskayaw
Vehumet
Wu Jian
Xom
Yredelemnul
Zin
The Shining One
Beogh
Jiyva

Shops:
D:3 [   D:6 (   Orc:1 *   Orc:2 [*(:

Annotations:
D:8 2 transporters
D:12 1 transporter
Orc:2 ForkInBrain's ghost, journeyman CoHu


Innate Abilities, Weirdness & Mutations

You are immune to sickness and miasma.
Your stone body is resilient. (AC +11)
You are immune to poison.
Your large and strong wings let you fly.
You resist negative energy. (rN+)
You are resistant to electric shocks. (rElec)
You are resistant to unholy torment.
You are immune to petrification.


Message History

Casting: Starburst (dangerous; 4% risk of failure)
Confirm with . or Enter, or press ? or * to list all spells.
Casting: Starburst (dangerous; 4% risk of failure)
Press: ? - help, Dir - look around, f - activate The bolt of fire hits the purple ugly thing!!
You kill the purple ugly thing!
Vehumet accepts your kill.
Vehumet offers you knowledge of Freezing Cloud.
The bolt of fire hits the white ugly thing!!
The white ugly thing is almost dead.
The liquid fire burns you!
* * * LOW HITPOINT WARNING * * *
Casting: Starburst (dangerous; 4% risk of failure)
Confirm with . or Enter, or press ? or * to list all spells.
Casting: Starburst (dangerous; 4% risk of failure)
Press: ? - help, Dir - look around, f - activate The bolt of fire hits the troll!!
The troll is severely wounded.
The bolt of fire hits the white ugly thing!!
You kill the white ugly thing!
Vehumet accepts your kill.
You feel your power returning. The liquid fire burns you!
* * * LOW HITPOINT WARNING * * *
The troll bites you but does no damage. You block the troll's attack.
The troll closely misses you.
Casting: Starburst (dangerous; 4% risk of failure)
Confirm with . or Enter, or press ? or * to list all spells.
Casting: Starburst (dangerous; 4% risk of failure)
Press: ? - help, Dir - look around, f - activate The bolt of fire hits the troll!!
You kill the troll!
Vehumet accepts your kill.
You feel your power returning.
The troll leather armour is intact enough to wear.
The liquid fire burns you!
* * * LOW HITPOINT WARNING * * *
The yaktaur unwields a +0 halberd.
The yaktaur wields a +0 arbalest.
The yaktaur shoots a bolt.
The bolt hits you!
You die...

......# #................# #....
......# #.......####'###.# #....
......# #.......#......#.####...)
......# #.......#......#.........
......###.......#......#.........
.......................#..######.
##........##...©.......#..# #.
##........#..#####.....#(.# #.
#...........##$©@##....#..# #.
#..........##$###[##...#..# #.
#.........##.......##..#..# #.
#........##ß.....c.ß##....######.
........##..#.###.#..##..........
....>..##....##!##....##.........
...#...#.#~..#...##.~#.#.........
[..#...#.#..#....e#..#.#.........
...#...#T#..##...##$~#.#.........


You could see a yaktaur.

Vanquished Creatures
  Gastronok (D:9)
  The ghost of jboons the Marksminotaur, a journeyman MiRe of Ru (Orc:2)
  The ghost of cforsyth the Warrior, a journeyman CoGl of Hepliaklqana (Orc:1)
  A fire dragon (Lair:5)
  The ghost of GreenGuy14 the Cleaver, a journeyman MiFi of Gozag (Orc:2)
  3 hydras
  An ogre mage (Orc:2)
  A great orb of eyes (D:12)
  3 boulder beetles
  8 two-headed ogres
  A centaur warrior (D:12)
  The ghost of Sun Gecaam the Eclecticist, a journeyman DEHW of Vehumet (D:12)
  An orc high priest (Orc:2)
  7 death yaks
  Nergalle (Orc:1)
  2 skysharks
  A lindwurm (Lair:5)
  3 orc knights (Orc:2)
  2 deep elf pyromancers (D:12)
  Maurice (D:8)
  2 cyclopes (D:12)
  6 ugly things
  2 orc sorcerers (Orc:2)
  A manticore (D:12)
  5 black mambas
  21 elephants
  2 kobold blastminers (Orc:1)
  A torpor snail (Lair:5)
  2 gargoyles
  2 ice statues (IceCv)
  6 cane toads
  14 komodo dragons
  2 molten gargoyles (Lair:5)
  3 rime drakes
  A freezing wraith (IceCv)
  Jeremiah (D:9)
  An anaconda simulacrum (IceCv)
  2 unseen horrors
  2 kobold demonologists (D:12)
  A queen bee (D:9)
  3 polar bears
  5 trolls
  13 blink frogs
  4 dream sheep (Lair:4)
  A shadow (D:11)
  4 wyverns
  A slime creature (D:12)
  30 yaks
  3 steam dragons
  5 vampire mosquitoes
  5 basilisks
  A death yak simulacrum (IceCv)
  A warg (Orc:2)
  6 nagas (Lair:2)
  Edmund (D:5)
  An acid dragon (D:10)
  10 water moccasins
  3 hell hounds (Lair:5)
  26 orc warriors
  Duvessa (D:5)
  A black bear (D:5)
  13 wolves
  6 ogres
  4 centaurs
  A phantom (D:7)
  3 kobold brigands
  Blork the orc (D:5)
  8 bullfrogs
  3 gnoll sergeants
  4 scorpions
  3 wights (D:7)
  Dowan (D:5)
  An elephant simulacrum (IceCv)
  32 killer bees
  3 electric eels
  2 howler monkeys
  5 lava snakes (Lair:5)
  4 hounds
  18 orc priests
  2 bombardier beetles
  A sleepcap (D:5)
  A gnoll bouda (D:6)
  4 jellies
  4 iguanas
  Natasha (thrice) (D:2)
  22 orc wizards
  A wolf simulacrum (IceCv)
  7 adders
  20 gnolls
  3 shadow imps (D:8)
  A white imp (D:7)
  3 dart slugs
  2 ribbon worms (D:2)
  68 orcs
  4 endoplasms
  3 giant cockroaches
  10 goblins
  5 hobgoblins
  15 kobolds
  4 quokkas
  5 ball pythons
  10 bats
  4 frilled lizards
  6 rats
563 creatures vanquished.

Vanquished Creatures (collateral kills)
  An orc warlord (Orc:2)
  A troll (Orc:2)
  2 orc priests (Orc:2)
  An orc (Orc:2)
5 creatures vanquished.

Grand Total: 568 creatures vanquished

Notes
Turn   | Place    | Note
-------+----------+-------------------------------------------
     0 | D:1      | CougarLife the Gargoyle Earth Elementalist began the quest
                  | for the Orb.
     0 | D:1      | Reached XP level 1. HP: 10/10 MP: 3/3
    73 | D:1      | Reached XP level 2. HP: 15/15 MP: 0/5
   152 | D:1      | Reached skill level 4 in Earth Magic
   418 | D:1      | Reached XP level 3. HP: 17/19 MP: 2/6
  1422 | D:2      | Reached XP level 4. HP: 24/24 MP: 6/8
  1426 | D:2      | Learned a level 3 spell: Stone Arrow
  1733 | D:2      | Found a glowing golden altar of the Shining One.
  1808 | D:2      | Noticed Natasha
  1813 | D:2      | Killed Natasha
  1856 | D:2      | Noticed Natasha
  1861 | D:2      | Killed Natasha
  1862 | D:2      | Reached XP level 5. HP: 28/28 MP: 5/9
  1947 | D:2      | Noticed Natasha
  1955 | D:2      | Killed Natasha
  1956 | D:2      | Reached skill level 5 in Earth Magic
  2392 | D:3      | Found Yrghampu's Armour Emporium.
  3055 | D:4      | Reached XP level 6. HP: 29/32 MP: 0/11
  3398 | D:4      | Found a staircase to the Ecumenical Temple.
  3413 | Temple   | Entered the Ecumenical Temple
  3429 | Temple   | Became a worshipper of Vehumet
  4018 | D:4      | Reached skill level 6 in Earth Magic
  4110 | D:5      | Entered Level 5 of the Dungeon
  4177 | D:5      | Reached XP level 7. HP: 36/36 MP: 11/13
  4227 | D:5      | Noticed Edmund
  4238 | D:5      | Killed Edmund
  4453 | D:5      | Reached skill level 5 in Conjurations
  4781 | D:5      | Reached skill level 5 in Spellcasting
  4781 | D:5      | Reached skill level 7 in Earth Magic
  4781 | D:5      | Reached XP level 8. HP: 41/41 MP: 12/15
  4872 | D:5      | Found a glowing silver altar of Zin.
  4873 | D:5      | Found a basalt altar of Yredelemnul.
  4877 | D:5      | Noticed Blork the orc
  4892 | D:5      | Killed Blork the orc
  4892 | D:5      | Reached * piety under Vehumet
  4892 | D:5      | Offered knowledge of Sting by Vehumet.
  5004 | D:5      | Noticed Duvessa
  5004 | D:5      | Noticed Dowan
  5010 | D:5      | Killed Duvessa
  5011 | D:5      | Killed Dowan
  5289 | D:6      | Reached skill level 8 in Earth Magic
  5532 | D:6      | Found Munuff's Weapon Emporium.
  5709 | D:7      | Found a white marble altar of Elyvilon.
  5721 | D:7      | Reached XP level 9. HP: 45/45 MP: 14/18
  5954 | D:7      | Reached skill level 9 in Earth Magic
  6197 | D:8      | Offered knowledge of Static Discharge by Vehumet.
  6267 | D:8      | Reached ** piety under Vehumet
  6395 | D:8      | Noticed a komodo dragon
  6400 | D:8      | Killed a komodo dragon
  6598 | D:8      | Reached skill level 10 in Earth Magic
  6697 | D:8      | Reached XP level 10. HP: 50/50 MP: 21/21
  6716 | D:8      | Noticed Maurice
  6720 | D:8      | Killed Maurice
  6803 | D:8      | Found a hazy altar of Hepliaklqana.
  6888 | D:8      | Found a transporter.
  6948 | D:8      | Found a transporter.
  7026 | D:8      | Noticed an elephant
  7048 | D:8      | Killed an elephant
  7153 | D:8      | Found a staircase to the Lair.
  7701 | D:9      | Offered knowledge of Momentum Strike by Vehumet.
  7775 | D:9      | Reached skill level 11 in Earth Magic
  7793 | D:9      | Reached *** piety under Vehumet
  7821 | D:9      | Reached skill level 10 in Conjurations
  7922 | D:9      | Offered knowledge of Ignite Poison by Vehumet.
  8053 | D:9      | You fall into a shaft and drop 2 floors!
  8130 | D:11     | Noticed a boulder beetle
  8142 | D:11     | Killed a boulder beetle
  8143 | D:11     | Reached XP level 11. HP: 19/54 MP: 8/24
  8316 | D:10     | Entered Level 10 of the Dungeon
  8319 | D:10     | Identified the +6 scale mail of Orthodoxy {Dex+5 Stlth-}
  8590 | D:9      | Noticed Jeremiah
  8617 | D:9      | Killed Jeremiah
  8618 | D:9      | Reached skill level 12 in Earth Magic
  8662 | D:9      | Noticed Gastronok
  8691 | D:9      | Killed Gastronok
  9015 | D:10     | Noticed a two-headed ogre
  9018 | D:10     | Killed a two-headed ogre
  9019 | D:10     | Reached skill level 1 in Fire Magic
  9707 | D:10     | Reached **** piety under Vehumet
  9917 | D:10     | Found a staircase to the Orcish Mines.
  9972 | D:11     | Learned a level 6 spell: Starburst
 10085 | D:11     | Offered knowledge of Arcjolt by Vehumet.
 10095 | D:11     | Learned a level 5 spell: Arcjolt
 10174 | D:11     | Noticed a two-headed ogre
 10178 | D:11     | Killed a two-headed ogre
 10558 | D:11     | Noticed a brown ugly thing
 10569 | D:11     | Killed a brown ugly thing
 10863 | D:11     | Reached skill level 10 in Spellcasting
 11107 | Lair:1   | Entered Level 1 of the Lair of Beasts
 11305 | Lair:1   | Reached skill level 1 in Shields
 11306 | Lair:1   | Reached skill level 13 in Earth Magic
 11306 | Lair:1   | Reached XP level 12. HP: 41/59 MP: 10/26
 12252 | Lair:2   | Noticed a skyshark
 12256 | Lair:2   | Killed a skyshark
 12469 | Lair:2   | Found a frozen archway.
 12481 | IceCv    | Entered an ice cave
 12493 | IceCv    | Found a transporter.
 12586 | IceCv    | Found a transporter.
 12803 | Lair:2   | Reached skill level 5 in Shields
 13032 | Lair:2   | Noticed a death yak
 13033 | Lair:2   | Noticed a death yak
 13033 | Lair:2   | Noticed a death yak
 13034 | Lair:2   | Noticed a death yak
 13048 | Lair:2   | Killed a death yak
 13048 | Lair:2   | Reached ***** piety under Vehumet
 13054 | Lair:2   | Killed a death yak
 13057 | Lair:2   | Killed a death yak
 13173 | Lair:2   | Offered knowledge of Sticky Flame by Vehumet.
 13176 | Lair:2   | Killed a death yak
 13571 | Lair:2   | Reached skill level 14 in Earth Magic
 13571 | Lair:2   | Reached XP level 13. HP: 63/63 MP: 27/27
 14038 | Lair:2   | Found a staircase to the Snake Pit.
 15190 | Lair:3   | Found a staircase to the Swamp.
 15517 | Lair:4   | Reached skill level 5 in Fire Magic
 16616 | Lair:4   | Found a viscous altar of Jiyva.
 16616 | Lair:4   | Found a staircase to the Slime Pits.
 16763 | Lair:5   | Entered Level 5 of the Lair of Beasts
 17229 | Lair:5   | Offered knowledge of Conjure Ball Lightning by Vehumet.
 17231 | Lair:5   | Reached skill level 1 in Fighting
 17231 | Lair:5   | Reached skill level 1 in Armour
 17315 | Lair:5   | Gained mutation: Your large and strong wings let you fly.
                  | [Gargoyle growth]
 17315 | Lair:5   | Reached XP level 14. HP: 55/71 MP: 26/29
 17605 | Lair:5   | Reached skill level 15 in Earth Magic
 17735 | Lair:5   | Found an ornate altar of the Wu Jian Council.
 17826 | Lair:5   | Found a hide-covered altar of Uskayaw.
 17903 | Lair:5   | Identified the +0 robe of Plasticity {Rampage Dex+2}
 19030 | Lair:5   | Found a large runed translucent door.
 19030 | Lair:5   | Found a large runed translucent door.
 20325 | D:12     | Noticed Sun Gecaam's ghost (journeyman DEHW)
 20340 | D:12     | Found a transporter.
 20343 | D:12     | Found a transporter.
 21560 | D:12     | Reached skill level 5 in Fighting
 21560 | D:12     | Reached skill level 5 in Armour
 21819 | Orc:1    | Entered Level 1 of the Orcish Mines
 21853 | Orc:1    | Noticed Nergalle
 21861 | D:10     | Offered knowledge of Yara's Violent Unravelling by Vehumet.
 21901 | Orc:1    | Killed Nergalle
 22484 | Orc:1    | Found Tapic's Assorted Antiques.
 22699 | Orc:2    | Entered Level 2 of the Orcish Mines
 22699 | Orc:2    | Found a runed translucent gate.
 22700 | Orc:2    | Found a runed translucent gate.
 22703 | Orc:2    | Found a runed translucent gate.
 22704 | Orc:2    | Noticed jboons's ghost (journeyman MiRe)
 22705 | Orc:2    | Noticed GreenGuy14's ghost (journeyman MiFi)
 22705 | Orc:2    | Noticed ForkInBrain's ghost (journeyman CoHu)
 22705 | Orc:2    | Noticed cforsyth's ghost (journeyman CoGl)
 23272 | Orc:2    | Reached XP level 15. HP: 47/84 MP: 31/31
 23645 | Orc:2    | Noticed an orc warlord
 23666 | Orc:2    | Killed an orc warlord
 24028 | Orc:2    | Reached skill level 16 in Earth Magic
 24302 | Orc:2    | Found a roughly hewn altar of Beogh.
 24394 | Orc:2    | Found a staircase to the Elven Halls.
 24415 | Orc:2    | Found Fimen's General Store.
 24422 | Orc:2    | Bought a scroll of silence for 133 gold pieces
 24422 | Orc:2    | Bought a scroll of identify for 28 gold pieces
 24471 | Orc:2    | Found Banatowk's Book Shoppe.
 24486 | Orc:2    | Found Wawo's Antique Weapon Shoppe.
 24502 | Orc:2    | Found Isay's Antique Armour Shoppe.
 24582 | Orc:2    | Killed jboons's ghost
 24745 | Orc:1    | Killed cforsyth's ghost
 24893 | Orc:2    | Killed GreenGuy14's ghost
 25026 | Orc:2    | Identified the ring "Xuuco" {rElec Str+6 Stlth+}
 25179 | D:12     | Killed Sun Gecaam's ghost
 25181 | D:12     | Offered knowledge of Freezing Cloud by Vehumet.
 25183 | D:12     | Shot with a bolt by a yaktaur

Illustrated notes

Levels and vault maps discovered:
D:1:      dpeg_arrival_tiny_b, layout_loops_ring
D:2:      minmay_inner_zag, layout_loops_cross, basic_altar,
          kennysheep_generic_room_16, uniq_natasha
D:3:      layout_loops_cross, serial_shops, shop
D:4:      layout_cave_pools, minmay_temple_entry_wispy, nicolae_eternal_life
D:5:      layout_loops_ring, jmf_multi_god_temple, uniq_blork_the_orc,
          uniq_duvessa, uniq_edmund
D:6:      layout_rooms, serial_shops, nicolae_shop_just_a_little_nook,
          chequers_serial_rivers_micro_b
D:7:      layout_rooms, mainiacjoe_overflow_paths
D:8:      gammafunk_cloud_chamber, layout_basic, lemuel_tele_altar,
          grunt_lair_entry_orc_guard_hut, uniq_maurice
D:9:      layout_basic, special_room [special_room_bee], uniq_jeremiah,
          uniq_gastronok
D:10:     layout_loops_corners, david_orc_4
D:11:     layout_stronghold, corner_web_ring
D:12:     minmay_ornate_pinched, layout_stronghold, nzn_ghost_randoct
D:13:     layout_small_grid, lightli_vaults_fourway_checkpoint, uniq_nessos
Temple:   regret_index_temple_mists
Lair:1:   layout_small_grid
Lair:2:   layout_small_grid, minmay_snake_entry_guardpost_medium,
          portal_ice_cave_rime, minivault_24, guppyfry_lair_drakes,
          lemuel_fruit_fields
Lair:3:   layout_regular_city, swamp_mist_pool, lemuel_fruit_fields
Lair:4:   layout_regular_city, slime_entry_1, patterned_corridor,
          grunt_megastairs_2
Lair:5:   cheibrodos_lair_end_hotspot, layout_gridlike,
          chequers_serial_rivers_large_b, chequers_serial_rivers_micro_a,
          nzn_masters_of_martial_movement
Orc:1:    layout_caves, serial_shops, shop, uniq_nergalle
Orc:2:    grunt_orc_cross, layout_diamond_mine, gammafunk_ghost_cemetery

Skill      XL: |  1  2  3  4  5  6  7  8  9 10 11 12 13 14 15 |
---------------+----------------------------------------------+-----
Earth Magic    | 4 5 6 7 8 10 11 13 14 15 16 | 16.2
Conjurations   | 2 3 4 5 6 8 10 11 12 13 14 | 14.6
Spellcasting   | 3 4 5 6 7 9 10 11 12 | 12.7
Fire Magic     | 4 6 |  6.6
Shields        | 1 7 9 |  9.5
Fighting       | 1 5 6 |  6.7
Armour         | 1 5 6 |  6.7
Dodging        | |  1.5
Stealth        | |  2.1

Action                     |  1- 3 |  4- 6 |  7- 9 | 10-12 | 13-15 || total
---------------------------+-------+-------+-------+-------+-------++-------
  Melee: Unarmed           |     7 |       |       |       |       ||     7
         Short sword       |    32 |     5 |       |       |       ||    37
         Staff             |       |       |       |    28 |    30 ||    58
   Cast: Sandblast         |    53 |    64 |    86 |   133 |    62 ||   398
         Stone Arrow       |       |    11 |    33 |    85 |   186 ||   315
         Arcjolt           |       |       |       |    23 |    51 ||    74
         Starburst         |       |       |       |    33 |   134 ||   167
    Use: Potion            |       |       |     1 |     4 |     2 ||     7
         Scroll            |       |       |       |    11 |    13 ||    24
   Stab: Distracted        |     1 |       |       |       |       ||     1
         Sleeping          |     1 |       |       |       |       ||     1
 Armour: Robe              |    50 |    32 |    48 |   207 |   257 ||   594
  Dodge: Dodged            |    54 |    25 |    40 |   141 |   103 ||   363
  Block: Kite shield       |       |       |       |       |   160 ||   160

Table legend: (Time is in decaauts)
 A = Elapsed time spent in this place.
 B = Non-inter-level travel time spent in this place.
 C = Inter-level travel time spent in this place.
 D = Time resting spent in this place.
 E = Time spent auto-exploring this place.
 F = Levels seen in this place.
 G = Mean time per level.
                   A        B        C        D        E       F      G
               +--------+--------+--------+--------+--------+-----+--------+
         Total |  25426 |  23945 |   1481 |   7319 |  12377 |  22 | 1155.7 |
       Dungeon |  13533 |  12490 |   1043 |   2606 |   7723 |  13 | 1041.0 |
        Temple |    122 |     82 |     40 |     76 |      0 |   1 |  122.0 |
          Lair |   8540 |   8246 |    294 |   3366 |   3749 |   5 | 1708.0 |
  Orcish Mines |   2956 |   2854 |    102 |   1065 |    905 |   2 | 1478.0 |
      Ice Cave |    274 |    274 |      0 |    206 |      0 |   1 |  274.0 |
               +--------+--------+--------+--------+--------+-----+--------+

Top non-repeatable levels by time:
  Lair:5: 3113 daAuts
   Orc:2: 1831 daAuts
  Lair:2: 1745 daAuts
    D:10: 1652 daAuts
    D:12: 1645 daAuts
  Lair:1: 1428 daAuts
  Lair:4: 1397 daAuts
    D:11: 1396 daAuts
     D:2: 1374 daAuts
     D:9: 1321 daAuts
     D:8: 1278 daAuts
     D:5: 1200 daAuts
   Orc:1: 1124 daAuts
     D:1: 1070 daAuts
     D:4: 902 daAuts
